 Dungeon Crawl Stone Soup version 0.27.1 (webtiles) character file.

Game seed: 12816951237290608430

65 acemry the Cudgeller (level 3, -7/31 HPs)
             Began as a Minotaur Fighter on Sept 3, 2021.
             Mangled by Natasha (8 damage)
             ... on level 2 of the Dungeon.
             The game lasted 00:02:56 (1470 turns).

acemry the Cudgeller (Minotaur Fighter)             Turns: 1470, Time: 00:02:56

Health: -7/31      AC: 11    Str: 21    XL:     3   Next: 92%
Magic:  2/2        EV:  6    Int:  5    God:
Gold:   57         SH:  0    Dex:  9    Spells: 2/2 levels left

rFire    . . .     SeeInvis .   a - +0 flail
rCold    . . .     Faith    .   (no shield)
rNeg     . . .     Spirit   .   k - +0 plate armour
rPois    .         Reflect  .   (helmet restricted)
rElec    .         Harm     .   (no cloak)
rCorr    .         Rampage  .   (no gloves)
Will     .....                  (no boots)
Stlth    ..........             (no amulet)
HPRegen  0.10/turn              (no ring)
MPRegen  0.08/turn              (no ring)

@: mighty, slowed, very slow
A: horns 2, retaliatory headbutt
a: no special abilities


You were on level 2 of the Dungeon.
You visited 1 branch of the dungeon, and saw 2 of its levels.

You collected 57 gold pieces.

Inventory:

Hand Weapons
 a - a +0 flail (weapon)
Missiles
 h - 28 sling bullets
 i - 16 arrows
Armour
 b - a +0 scale mail
 c - a +0 kite shield
 f - a +0 ring mail of positive energy
 k - a +0 plate armour (worn)
Scrolls
 e - 2 scrolls of fear
 g - a scroll of magic mapping
 j - 2 scrolls of identify {unknown}


   Skills:
 - Level 3.6 Fighting
 + Level 5.2 Maces & Flails
 - Level 3.6 Armour
 - Level 3.6 Shields


You had 2 spell levels left.
You didn't know any spells.
Your spell library was empty.

Dungeon Overview and Level Annotations

Branches:
Dungeon (2/15)

Altars:

Shops:
D:2 [

Annotations:
D:2 Natasha


Innate Abilities, Weirdness & Mutations

You have a pair of horns on your head.
You reflexively headbutt those who attack you in melee.


Message History

You are too injured to fight recklessly!
You are too injured to fight recklessly!
You are too injured to fight recklessly!
You are too injured to fight recklessly!
You are too injured to fight recklessly!
You are too injured to fight recklessly!
You are too injured to fight recklessly!
You are too injured to fight recklessly!
You feel very mighty all of a sudden.
Natasha mumbles some strange words.
Natasha barely misses you.
You hit Natasha.
Natasha is moderately wounded.
Natasha claws you but does no damage.
The shadow imp hits you but does no damage.
Natasha claws you.
You barely miss Natasha.
Natasha is moderately wounded.
The shadow imp gestures at you.
You barely resist. Natasha claws you but does no damage.
The shadow imp hits you but does no damage.
You barely miss Natasha.
Natasha is moderately wounded.
Natasha casts a spell.
The shadow imp hits you but does no damage.
The endoplasm hits you.
* * * LOW HITPOINT WARNING * * *
Natasha barely misses you.
The shadow imp hits you but does no damage.
You completely miss Natasha.
Natasha is moderately wounded.
The endoplasm freezes you.
You are frozen.
* * * LOW HITPOINT WARNING * * *
Natasha barely misses you. The shadow imp barely misses you.
The endoplasm freezes you.
You are frozen.
* * * LOW HITPOINT WARNING * * *
Natasha claws you!
You die...

*...#.#.#.......>..#
*.......#...........
*#.##..............#
#.#..#............#
#.#..#............#
#.#....#.....†.....
#...#..#.#.#.###.#.
*######.J.........†.##.#.
*......h@........††......
*......55.......#..##....
*...............#.###....
*..!..............####.#.
*......................#.
*............###.####..#.
*#####...###...#.####..#.
#.(.# *##.........#.
*,,,*****##.###.....


You could see Natasha, a crimson imp (summoned), a shadow imp (summoned) and an
endoplasm.

Vanquished Creatures
  2 adders (D:2)
  2 dart slugs
  3 ball pythons
  An endoplasm (D:2)
  4 giant cockroaches
  A goblin (D:1)
  9 hobgoblins
  2 jackals (D:1)
  4 kobolds
  2 quokkas (D:1)
  4 bats
  2 frilled lizards (D:2)
  3 rats
39 creatures vanquished.

Notes
Turn   | Place    | Note
-------+----------+-------------------------------------------
     0 | D:1      | acemry the Minotaur Fighter began the quest for the Orb.
     0 | D:1      | Reached XP level 1. HP: 19/19 MP: 0/0
    69 | D:1      | Reached skill level 3 in Maces & Flails
   248 | D:1      | Reached XP level 2. HP: 23/26 MP: 1/1
   424 | D:1      | Found a faded altar of an unknown god.
   751 | D:1      | Reached skill level 4 in Maces & Flails
  1077 | D:2      | Reached XP level 3. HP: 23/31 MP: 2/2
  1260 | D:2      | Found Gesas's Armour Shoppe.
  1405 | D:2      | Reached skill level 5 in Maces & Flails
  1459 | D:2      | Noticed Natasha
  1470 | D:2      | HP: 1/31 [frozen (5)]
  1470 | D:2      | Mangled by Natasha

Illustrated notes

Levels and vault maps discovered:
D:1:      lemuel_arrival_river_ford, layout_loops_ring, basic_ecumenical_altar,
          minmay_tall_x
D:2:      layout_rooms, serial_shops, nicolae_square_shop, uniq_natasha

Skill      XL: |  1  2  3 |
---------------+----------+-----
Maces & Flails | 3 4 5 |  5.2
Fighting       | |  3.6
Armour         | |  3.6
Shields        | |  3.6

Action                   || total
-------------------------++-------
Melee: Flail             ||   103
       Headbutt          ||     8
  Use: Scroll            ||     3
       Potion            ||     1
Armor: Scale mail        ||    43
       Plate armour      ||    38
Dodge: Dodged            ||    55
